 Dungeon Crawl Stone Soup version 0.25-a0-458-g6fc7858b95 (webtiles) character file.

Game seed: 4132509894594901250, levelgen mode: deterministic

10098 funkygono the Basher (level 11, -5/77 HPs)
             Began as a Minotaur Fighter on Feb 2, 2020.
             Was a Believer of the Shining One.
             Killed from afar by a starcursed mass (6 damage)
             ... with an accursed screaming
             ... on level 2 of the Abyss.
             The game lasted 00:29:59 (10275 turns).

funkygono the Basher (Minotaur Fighter)            Turns: 10275, Time: 00:30:00

Health: -5/77      AC:  8    Str: 20    XL:     11   Next: 31%
Magic:  10/10      EV: 13    Int:  5    God:    the Shining One [**....]
Gold:   529        SH: 16    Dex: 12    Spells: 10/10 levels left

rFire    + + .     SeeInvis .   a - +1 whip (freeze)
rCold    x . .     Gourm    .   c - +1 shield
rNeg     + . .     Faith    .   G - +0 ring mail of Divine Intervention {rF+ Str+2}
rPois    .         Spirit   .   (helmet restricted)
rElec    .         Reflect  +   n - scarf {repulsion}
rCorr    .         Harm     .   (no gloves)
MR       .....     Rnd*Rage +   u - +0 pair of boots
Stlth    +.........             D - +3 amulet of reflection
HPRegen  0.00/turn              B - ring of fire
MPRegen  0.12/turn              (no ring)

@: non-regenerating, diseased, glowing, repel missiles
A: retaliatory headbutt, horns 2, [berserk 2], [frail 2], [screaming 2], [weak
2]
a: Divine Shield, Renounce Religion


You were on level 2 of the Abyss.
You worshipped the Shining One.
The Shining One was pleased with you.
You were not hungry.

You visited 2 branches of the dungeon, and saw 12 of its levels.
You visited the Abyss 1 time.

You collected 529 gold pieces.

Inventory:

Hand Weapons
 a - a +1 whip of freezing (weapon)
 b - a +1 hunting sling
 y - a +2 flail
Missiles
 l - 275 stones (quivered)
 m - 154 sling bullets
Armour
 c - a +1 shield (worn)
 n - a scarf of repulsion (worn)
 u - a +0 pair of boots (worn)
 E - a +0 scale mail
 G - the +0 ring mail of Divine Intervention (worn) {rF+ Str+2}
   (You took it off an orc on level 5 of the Dungeon)

   It affects your strength (+2).
   It protects you from fire.
   If you remove this armour, your AC will fall 7 points (8 -> 1)
Jewellery
 B - a ring of fire (left hand)
 D - a +3 amulet of reflection (around neck)
 J - an uncursed amulet of the gourmand
Wands
 h - a wand of flame (46)
 r - a wand of scattershot (4)
 C - a wand of acid (5)
 I - a wand of paralysis (8)
Scrolls
 q - a scroll of fear
 s - 3 scrolls of teleportation
 t - 6 scrolls of remove curse
 w - a scroll of magic mapping
 x - 6 scrolls of amnesia
 H - a scroll of fog
Potions
 d - 2 potions of might
 e - 8 potions of curing
 g - 2 potions of heal wounds
 i - 4 potions of brilliance
 j - 3 potions of magic
 k - 2 potions of haste
 o - 2 potions of mutation
 p - 2 potions of resistance
 v - 2 potions of flight
 z - 2 potions of lignification
 A - 2 potions of invisibility
Comestibles
 f - 27 rations


   Skills:
 + Level 9.0 Fighting
 + Level 10.3 Maces & Flails
 + Level 8.6 Slings
 + Level 8.0 Armour
 * Level 6.5 Dodging
 + Level 1.6 Stealth
 + Level 10.2 Shields


You had 10 spell levels left.
You didn't know any spells.
Your spell library contained the following spells:

 Spells                   Type           Power        Failure   Level  Hunger
 Corona                   Hex            #......      83%         1    ##.....
 Magic Dart               Conj           #...         83%         1    ##.....
 Sting                    Tmut/Pois      #...         83%         1    ##.....
 Blink                    Tloc           N/A          93%         2    ###....
 Call Imp                 Summ           #.......     93%         2    ###....
 Ensorcelled Hibernation  Hex/Ice        #.....       93%         2    ###....
 Poisonous Vapours        Pois/Air       #.....       93%         2    ###....
 Searing Ray              Conj           #.....       93%         2    ###....
 Slow                     Hex            #.......     93%         2    ###....
 Confusing Touch          Hex            #.......     99%         3    ####...
 Conjure Flame            Conj/Fire      #.......     99%         3    ####...
 Dazzling Flash           Conj/Hex       #.....       99%         3    ####...
 Ignite Poison            Fire/Tmut/Pois #.......     99%         3    ####...
 Mephitic Cloud           Conj/Pois/Air  #.......     99%         3    ####...
 Tukima's Dance           Hex            #.......     99%         3    ####...
 Fulminant Prism          Conj/Hex       #.........   100%        4    #####..
 Iskenderun's Mystic Bla  Conj/Tloc      #.......     100%        4    #####..
 Olgreb's Toxic Radiance  Pois           #.......     100%        4    #####..


Dungeon Overview and Level Annotations

Branches:
Dungeon (11/15)            Temple (1/1) D:5
   Lair: D:8-11         Orc: D:9-12

Altars:
Ashenzari
Cheibriados
Dithmenos
Elyvilon
Fedhas
Gozag
Hepliaklqana
Kikubaaqudgha
Makhleb
Nemelex Xobeh
Okawaru
Qazlal
Ru
Sif Muna
Trog
Uskayaw
Vehumet
Wu Jian
Xom
Yredelemnul
Zin
The Shining One


Innate Abilities, Weirdness & Mutations

You reflexively headbutt those who attack you in melee.
You have a pair of horns on your head.
[You often lose your temper in combat.]
[You are very frail. (-20% HP)]
[You sometimes yell uncontrollably at your foes.]
[You are very weak. (Str -4)]


Message History

* * * LOW HITPOINT WARNING * * *
You are knocked back by the lance of force.
You slam into the stone wall!
* * * LOW HITPOINT WARNING * * *
The wretched star glows turbulently.
The lance of force is repelled.
You hit the wretched star but do no damage.
The wretched star is moderately damaged.
A starcursed mass splits.
The wretched star pulses with an eldritch light!
You feel a little pissed off.
You feel angry.
You feel ill.
You hit the wretched star but do no damage.
The wretched star is moderately damaged.
You hit the wretched star.
The wretched star is moderately damaged.
You hit the wretched star.
The wretched star is moderately damaged.
A chorus of shrieks assaults your mind.
You die...

#### # #. .
3. # ... ..#
#. # )...
#.# .....
### #.. .. #
#.#####X###.
#..#x.X.....
##@*3..#....
####3....#.
.#.#.##.
#.#...##.
##.. ....
.....#
###.... ## #


You could see 2 starcursed masses, a wretched star, an ancient zyme, a neqoxec
and a ynoxinul.

Vanquished Creatures
  Harold (D:9)
  Erica (D:9)
  A two-headed ogre (D:6)
  2 wizards (D:11)
  A komodo dragon (D:10)
  2 trolls (D:9)
  A hornet (D:9)
  A hippogriff (D:10)
  2 wraiths (D:10)
  5 yaks (D:10)
  Edmund (D:6)
  2 soldier ants (D:9)
  4 orc warriors
  A black bear (D:10)
  3 ice beasts
  4 phantoms
  A sky beast (D:8)
  A necrophage (D:10)
  6 ogres
  5 centaurs
  4 bullfrogs
  A water moccasin skeleton (D:9)
  9 killer bees
  2 scorpions
  3 crimson imps
  A centaur zombie (D:7)
  A quasit (D:6)
  Crazy Yiuf (D:2)
  2 bullfrog zombies
  2 jellies (D:7)
  7 hounds
  4 orc priests
  11 orc wizards
  4 iguanas
  Jessica (D:2)
  6 worker ants
  A statue (D:5)
  A mummy (D:7)
  3 worker ant zombies
  Robin (D:2)
  4 gnolls
  A howler monkey skeleton (D:7)
  13 adders
  2 shadow imps (D:5)
  An ooze (D:3)
  An adder zombie (D:9)
  An adder skeleton (D:5)
  4 worms
  3 dart slugs
  8 leopard geckos
  37 orcs
  7 giant cockroaches
  10 hobgoblins
  13 jackals
  8 quokkas
  4 ball pythons
  7 bats
  8 frilled lizards
  19 goblins
  11 kobolds
  A kobold zombie (D:7)
  A leopard gecko skeleton (D:5)
  A leopard gecko zombie (D:6)
  3 orc zombies (D:7)
  2 quokka skeletons
  6 rats
286 creatures vanquished.

Vanquished Creatures (others)
  2 centaurs
  An orc (D:9)
3 creatures vanquished.

Grand Total: 289 creatures vanquished

Notes
Turn   | Place    | Note
-------+----------+-------------------------------------------
     0 | D:1      | funkygono the Minotaur Fighter began the quest for the Orb.
     0 | D:1      | Reached XP level 1. HP: 19/19 MP: 0/0
   188 | D:1      | Reached XP level 2. HP: 18/27 MP: 1/1
   644 | D:2      | Noticed Jessica
   654 | D:2      | Killed Jessica
   654 | D:2      | Reached XP level 3. HP: 21/34 MP: 2/2
   805 | D:2      | Reached XP level 4. HP: 41/41 MP: 3/3
   873 | D:2      | Found a hide-covered altar of Uskayaw.
  1040 | D:2      | Found a sacrificial altar of Ru.
  1523 | D:2      | Reached skill level 1 in Dodging
  1572 | D:2      | Noticed Robin
  1591 | D:2      | Reached XP level 5. HP: 42/47 MP: 4/4
  1609 | D:2      | Killed Robin
  1923 | D:2      | Found a runed translucent door.
  1925 | D:2      | Noticed Crazy Yiuf
  1933 | D:2      | Killed Crazy Yiuf
  2298 | D:3      | Reached skill level 5 in Fighting
  2328 | D:3      | Reached skill level 5 in Shields
  2339 | D:3      | Reached XP level 6. HP: 23/56 MP: 5/5
  2969 | D:4      | Reached skill level 5 in Maces & Flails
  2969 | D:4      | Reached skill level 5 in Armour
  3205 | D:4      | Reached XP level 7. HP: 32/61 MP: 6/6
  3557 | D:4      | Found a shadowy altar of Dithmenos.
  3754 | D:4      | Found a stormy altar of Qazlal.
  3849 | D:5      | Entered Level 5 of the Dungeon
  4042 | D:5      | Found the +2 pair of boots of the Assassin {Detection Stab+
                  | Stlth++}
  4315 | D:5      | Identified the +0 ring mail of Divine Intervention {rF+
                  | Str+2}
  4399 | D:5      | Reached XP level 8. HP: 70/70 MP: 7/7
  4423 | D:5      | Found a radiant altar of Vehumet.
  4718 | D:5      | Found a staircase to the Ecumenical Temple.
  4728 | Temple   | Entered the Ecumenical Temple
  5019 | D:6      | Found a blossoming altar of Fedhas.
  5046 | D:6      | Found a burning altar of Makhleb.
  5062 | D:6      | Noticed a two-headed ogre
  5069 | D:6      | Killed a two-headed ogre
  5069 | D:6      | Reached skill level 1 in Stealth
  5375 | D:6      | Reached XP level 9. HP: 64/78 MP: 8/8
  5499 | D:6      | Noticed Edmund
  5519 | D:6      | Killed Edmund
  5676 | D:6      | Found a shimmering blue altar of Sif Muna.
  5683 | D:6      | Reached skill level 1 in Slings
  6840 | D:8      | Reached skill level 5 in Slings
  6993 | D:8      | Found a glowing golden altar of the Shining One.
  7023 | D:8      | Became a worshipper of the Shining One
  7262 | D:9      | Reached XP level 10. HP: 27/86 MP: 9/9
  7815 | D:9      | Noticed Harold
  7826 | D:9      | Killed Harold
  7923 | D:9      | Noticed Erica
  7937 | D:9      | Killed Erica
  7937 | D:9      | Reached skill level 5 in Dodging
  8043 | D:9      | Reached * piety under the Shining One
  8412 | D:9      | Found an ancient bone altar of Kikubaaqudgha.
  8725 | D:10     | Entered Level 10 of the Dungeon
  9086 | D:10     | Reached skill level 10 in Maces & Flails
  9086 | D:10     | Reached XP level 11. HP: 48/95 MP: 10/10
 10058 | D:11     | Noticed a wizard
 10062 | D:11     | Killed a wizard
 10062 | D:11     | Reached skill level 10 in Shields
 10122 | D:11     | Noticed a wizard
 10139 | D:11     | Killed a wizard
 10139 | D:11     | Reached ** piety under the Shining One
 10170 | D:11     | Noticed a wizard
 10176 | D:11     | Cast into level 2 of the Abyss (a wizard)
 10250 | Abyss:2  | Noticed a starcursed mass
 10251 | Abyss:2  | Noticed a wretched star
 10269 | Abyss:2  | HP: 1/77 [stone wall collision (14)]
 10275 | Abyss:2  | Killed from afar by a starcursed mass

Levels and vault maps discovered:
D:1:      grunt_arrival_lava_bath, layout_basic
D:2:      layout_basic, marbit_many_paths, old_standard_altar,
          minmay_tetromino_o4, uniq_robin, uniq_crazy_yiuf_cottage, uniq_jessica
D:3:      layout_basic, kennysheep_generic_room_2
D:4:      layout_basic, lemuel_coloured_pillars_altar,
          nicolae_dithmenos_shadow_blocks, first_ration,
          kennysheep_generic_room_9
D:5:      layout_loops_ring, vehumet_statue, temple_hall, cheibrodos_gnoll_hut
D:6:      layout_rooms, kennysheep_little_box, fedhas_altar_1,
          nicolae_overflow_crystal_walls, uniq_edmund
D:7:      layout_basic, minmay_mini_ossuary
D:8:      layout_rooms, tso_metal_star
D:9:      layout_irregular_city, nicolae_overflow_hidden_temple,
          hangedman_pestilent_swarm, uniq_erica, uniq_harold
D:10:     layout_irregular_city
D:11:     minmay_smoke_and_mirrors, layout_irregular_city, lair_entry_dummy
Temple:   minmay_temple_bridge_abc
Abyss:2:  base: D:5, grunt_abyss_exit_deep_breaths

Skill      XL: |  1  2  3  4  5  6  7  8  9 10 11 |
---------------+----------------------------------+-----
Fighting       | 4 5 6 7 8 9 |  9.0
Armour         | 4 5 6 7 8 |  8.0
Maces & Flails | 3 4 5 6 8 9 10 | 10.3
Shields        | 4 5 6 7 8 9 10 | 10.2
Dodging        | 1 2 3 4 5 6 |  6.5
Stealth        | 1 |  1.6
Slings         | 5 8 |  8.6

Action                   |  1- 3 |  4- 6 |  7- 9 | 10-12 || total
-------------------------+-------+-------+-------+-------++-------
Melee: Flail             |    56 |   241 |    59 |       ||   356
       Headbutt          |     7 |    29 |    60 |    64 ||   160
       Whip              |       |       |   227 |   278 ||   505
 Fire: Hunting sling     |       |       |   135 |   126 ||   261
Throw: Stone             |       |       |       |     3 ||     3
  Use: Scroll            |     3 |     9 |    11 |     1 ||    24
       Potion            |       |       |     1 |     1 ||     2
  Eat: Chunk             |       |     8 |     9 |    10 ||    27
       Ration            |       |       |     1 |       ||     1
Armor: Scale mail        |    29 |    79 |    17 |       ||   125
       Ring mail         |       |       |    25 |    34 ||    59
Dodge: Dodged            |    25 |    81 |    62 |    69 ||   237
       Deflected         |     1 |     1 |     6 |     2 ||    10
Block: Shield            |    16 |   131 |   156 |   173 ||   476
       Reflection        |       |       |     7 |    10 ||    17

Table legend:
 A = Non-vault XP
 B = Vault XP
 C = Vault XP percentage of total XP
 D = Non-vault monster count
 E = Vault monster count
 F = Vault count percentage of total count
                 A         B        C        D         E       F
            +---------+---------+-------+---------+---------+-------
      Total |   10076 |    4350 |  30.2 |     251 |      37 |  12.8
            +---------+---------+-------+---------+---------+-------
        D:1 |      34 |       0 |   0.0 |      20 |       0 |   0.0
        D:2 |     111 |     121 |  52.2 |      31 |      17 |  35.4
        D:3 |     130 |       4 |   3.0 |      21 |       2 |   8.7
        D:4 |     592 |       0 |   0.0 |      19 |       0 |   0.0
        D:5 |     455 |     127 |  21.8 |      24 |       4 |  14.3
        D:6 |    1649 |     164 |   9.0 |      17 |       1 |   5.6
        D:7 |     971 |      25 |   2.5 |      28 |       5 |  15.2
        D:8 |     685 |       0 |   0.0 |      17 |       0 |   0.0
        D:9 |    1913 |    2563 |  57.3 |      31 |       6 |  16.2
       D:10 |    3499 |       0 |   0.0 |      42 |       0 |   0.0
       D:11 |      37 |    1346 |  97.3 |       1 |       2 |  66.7
            +---------+---------+-------+---------+---------+-------
